 Dungeon Crawl Stone Soup version 0.30-a0-137-gd8773701ce (webtiles) character file.

Game seed: 16009563050336694561

851 IdlyInterested the Cutter (level 7, -1/55 HPs)
             Began as a Demonspawn Gladiator on Sept 22, 2022.
             Succumbed to a water moccasin's poison
             ... on level 6 of the Dungeon.
             The game lasted 00:19:40 (6717 turns).

IdlyInterested the Cutter (Demonspawn Gladiator)    Turns: 6717, Time: 00:19:40

Health: -1/55      AC:  9    Str: 18    XL:     7   Next: 69%
Magic:  15/15      EV:  8    Int:  8    God:
Gold:   262        SH:  4    Dex: 16    Spells: 6/6 levels left

rFire   . . .      SeeInvis .    a - +4 rapier
rCold   . . .      Faith    .    (no shield)
rNeg    . . .      Spirit   .    s - +0 chain mail
rPois   .          Reflect  .    (helmet restricted)
rElec   .          Harm     .    t - +0 cloak
rCorr   .          Rampage  .    (no gloves)
Will    .....      Clarity  +    (no boots)
Stlth   ..........               j - amulet of magic regeneration
HPRegen 0.18/turn                q - ring of magical power
MPRegen 0.54/turn                (no ring)

@: lethally poisoned (-1 -> -19), studying Short Blades
A: horns 1, condensation shield, clarity, low MP 1, strong 1
a: no special abilities


You were on level 6 of the Dungeon.
You visited 2 branches of the dungeon, and saw 7 of its levels.
You also visited: Sewer.

You collected 262 gold pieces.

Inventory:

Hand Weapons
 a - a +4 rapier (weapon)
 x - a +0 dagger of venom
Missiles
 c - 4 poisoned darts (quivered)
 d - 2 throwing nets
 e - a javelin
Armour
 b - a +0 leather armour
 h - a +0 ring mail
 s - a +0 chain mail (worn)
 t - a +0 cloak (worn)
 u - a scarf of harm
Magical Staves
 w - a staff of death
 z - a staff of poison
Jewellery
 j - an amulet of magic regeneration (around neck)
 q - a ring of magical power (left hand)
Scrolls
 i - a scroll of torment
 m - a scroll of immolation
 o - a scroll of blinking
 A - a scroll of vulnerability
Potions
 f - 3 potions of brilliance
 g - 2 potions of invisibility
 k - a potion of mutation
 p - a potion of attraction
 v - a potion of haste
 C - a potion of heal wounds {unknown}


   Skills:
 - Level 4.7 Fighting
 + Level 6.2 Short Blades
 - Level 1.7 Throwing
 - Level 1.0 Armour
 - Level 2.6 Dodging
 - Level 3.6 Stealth
 - Level 1.0 Invocations


You had 6 spell levels left.
You didn't know any spells.
Your spell library contained the following spells:

 Spells                   Type           Power      Damage    Failure   Level
 Apportation              Tloc           0%         N/A       100%        1
 Sandblast                Erth           0%         2d4       100%        1
 Ensorcelled Hibernation  Hex/Ice        0%         N/A       100%        2
 Passwall                 Tmut/Erth      0%         N/A       100%        2
 Dazzling Flash           Conj/Hex       0%         N/A       100%        3
 Portal Projectile        Hex/Tloc       0%         N/A       100%        3
 Spider Form              Tmut/Pois      0%         N/A       100%        3
 Stone Arrow              Conj/Erth      0%         3d7       100%        3
 Swiftness                Air            0%         N/A       100%        3
 Tukima's Dance           Hex            0%         N/A       100%        3
 Anguish                  Hex/Necr       0%         N/A       100%        4
 Passage of Golubria      Tloc           0%         N/A       100%        4
 Agony                    Necr           0%         N/A       100%        5
 Alistair's Intoxication  Tmut/Pois      0%         N/A       100%        5
 Blade Hands              Tmut           0%         N/A       100%        5
 Silence                  Hex/Air        0%         N/A       100%        5
 Yara's Violent Unravell  Hex/Tmut       0%         3d3       100%        5


Dungeon Overview and Level Annotations

Branches:
Dungeon (6/15)             Temple (1/1) D:5           Sewer (visited)

Altars:
Cheibriados
Dithmenos
Fedhas
Hepliaklqana
Kikubaaqudgha
Makhleb
Nemelex Xobeh
Qazlal
Trog
Uskayaw
Vehumet
Wu Jian
Xom
Yredelemnul


Innate Abilities, Weirdness & Mutations

You have a pair of small horns on your head.
A meltable shield of frost defends you. (SH +4)
You possess an exceptional clarity of mind.
Your magical capacity is low. (-10% MP)
Your muscles are strong. (Str +4, Int/Dex -1)


Message History

You headbutt the water moccasin, but do no damage.
The water moccasin is moderately wounded.
You block the water moccasin's attack.
You completely miss the water moccasin.
The water moccasin is moderately wounded.
You feel sick. The water moccasin bites you.
You puncture the water moccasin! You headbutt the water moccasin.
The water moccasin is severely wounded.
You feel sick.
The water moccasin bites you but does no damage.
You closely miss the water moccasin.
The water moccasin is severely wounded.
You feel sick. The water moccasin barely misses you.
You miss the water moccasin. You headbutt the water moccasin.
The water moccasin is severely wounded.
You feel sick.
You are no longer poisoned.
The water moccasin bites you! The water moccasin bites you.
You barely miss the water moccasin.
The water moccasin is severely wounded.
The water moccasin bites you.
* * * LOW HITPOINT WARNING * * *
You are poisoned.
The water moccasin poisons you!
You hit the water moccasin.
The water moccasin is almost dead.
* * * LOW HITPOINT WARNING * * *
You feel very sick. The water moccasin bites you.
* * * LOW HITPOINT WARNING * * *
You are more poisoned.
The water moccasin poisons you!
You feel better. The water moccasin bites you!
* * * LOW HITPOINT WARNING * * *
You are lethally poisoned!
The water moccasin poisons you! The water moccasin bites you!
* * * LOW HITPOINT WARNING * * *
You puncture the water moccasin!
You kill the water moccasin!
You die...

#### #.. .. ..# #.#
.. #.# #.# #.
##.#######.# #.
##...#......#
##.####.#.#..####.#
##...##.##.##.#
#.............#
#...@##.##.##.#
#.#.####.....#####.
# #. #............
#. #....######.. #.
#<#.## #. #.#.# #.
#.#.# #. #.#.#
....#


There were no monsters in sight!

Vanquished Creatures
  A water moccasin (D:6)
  An ogre (D:5)
  A phantom (D:6)
  A scorpion (D:5)
  A bullfrog (D:3)
  A howler monkey (D:5)
  A hound (D:4)
  2 orc priests
  Crazy Yiuf (D:4)
  2 iguanas (D:5)
  5 orc wizards
  A hell rat (Sewer)
  The ghost of IdlyInterested the Cutter, a weakling DsGl (D:3)
  10 adders
  A river rat (Sewer)
  A worm (D:4)
  A dart slug (D:3)
  7 orcs (D:4)
  8 ball pythons
  4 endoplasms
  6 giant cockroaches
  6 goblins
  5 hobgoblins
  4 jackals (D:4)
  A quokka (D:2)
  5 bats
  A frilled lizard (D:1)
  4 kobolds
  14 rats
97 creatures vanquished.

Vanquished Creatures (collateral kills)
  2 orcs (D:3)
  A frilled lizard (D:3)
  A rat (D:3)
4 creatures vanquished.

Grand Total: 101 creatures vanquished

Notes
Turn   | Place    | Note
-------+----------+-------------------------------------------
     0 | D:1      | IdlyInterested the Demonspawn Gladiator began the quest for
                  | the Orb.
     0 | D:1      | Reached XP level 1. HP: 16/16 MP: 1/1
   449 | D:1      | Reached skill level 3 in Short Blades
   449 | D:1      | Gained mutation: You have a pair of small horns on your
                  | head. [demonic ancestry]
   449 | D:1      | Reached XP level 2. HP: 4/22 MP: 2/2
  1008 | D:1      | Found a faded altar of an unknown god.
  1369 | D:2      | Reached skill level 1 in Armour
  1813 | D:2      | Reached XP level 3. HP: 27/28 MP: 3/3
  2189 | D:3      | Reached skill level 1 in Invocations
  2189 | D:3      | Reached XP level 4. HP: 34/34 MP: 4/4
  2260 | D:3      | Found a glowing drain.
  2299 | D:3      | Reached skill level 4 in Short Blades
  2318 | Sewer    | Entered a sewer
  2513 | Sewer    | Reached skill level 1 in Stealth
  2720 | Sewer    | Reached XP level 5. HP: 13/41 MP: 5/5
  3184 | D:3      | Found a stormy altar of Qazlal.
  3195 | D:3      | You fall into a shaft and drop 1 floor!
  3209 | D:4      | Found a runed translucent door.
  3210 | D:4      | Noticed Crazy Yiuf
  3448 | D:3      | Found a runed translucent door.
  3449 | D:3      | Noticed IdlyInterested's ghost (weakling DsGl)
  3514 | D:3      | Found a runed translucent door.
  3918 | D:3      | Killed IdlyInterested's ghost
  4163 | D:4      | Reached XP level 6. HP: 39/47 MP: 6/6
  4627 | D:4      | Reached skill level 5 in Short Blades
  5072 | D:4      | Killed Crazy Yiuf
  5278 | D:5      | Entered Level 5 of the Dungeon
  5291 | D:4      | Gained mutation: Your muscles are strong. (Str +4, Int/Dex
                  | -1) [potion of mutation]
  5291 | D:4      | Gained mutation: Your magical capacity is low. (-10% MP)
                  | [potion of mutation]
  5291 | D:4      | Gained mutation: You possess an exceptional clarity of
                  | mind. [potion of mutation]
  5397 | D:5      | Gained mutation: A meltable shield of frost defends you.
                  | (SH +4) [demonic ancestry]
  5397 | D:5      | Reached XP level 7. HP: 13/54 MP: 6/6
  5867 | D:5      | Found a staircase to the Ecumenical Temple.
  5874 | Temple   | Entered the Ecumenical Temple
  6067 | D:5      | Reached skill level 6 in Short Blades
  6685 | D:6      | Identified a scroll of acquirement
  6685 | D:6      | Acquired a manual of Short Blades
  6717 | D:6      | Succumbed to a water moccasin's poison

Illustrated notes

Levels and vault maps discovered:
D:1:      saegor_arrival_under_anarchy, layout_basic,
          shapermc_ecumenical_altar_ellora
D:2:      layout_rooms, basic_altar
D:3:      layout_loops_ring, lemuel_round_altar, ebering_ghost_sewer_f,
          gup_sewer_entry_glass
D:4:      layout_rooms, dk_noncrumbling_4, uniq_crazy_yiuf_cottage
D:5:      layout_loops_ring, minmay_temple_entry_nine_rooms,
          minmay_a_box_with_orc_wizards_in_it
D:6:      layout_loops_ring, chequers_temple_overflow_minitemple,
          old_standard_altar, nrook_mini_vaults, uniq_menkaure
Temple:   nicolae_temple_superstar

Skill      XL: |  1  2  3  4  5  6  7 |
---------------+----------------------+-----
Short Blades   | 3 4 5 6 |  6.2
Armour         | 1 |  1.0
Invocations    | 1 |  1.0
Fighting       | 3 4 |  4.7
Stealth        | 1 2 3 |  3.6
Throwing       | |  1.7
Dodging        | |  2.6

Action                   |  1- 3 |  4- 6 |  7- 9 || total
-------------------------+-------+-------+-------++-------
Melee: Rapier            |    95 |   173 |    67 ||   335
       Headbutt          |    14 |    34 |    13 ||    61
       Punch             |     1 |     1 |     2 ||     4
Throw: Dart              |     1 |     2 |       ||     3
       Throwing net      |       |     1 |       ||     1
  Use: Scroll            |     6 |    11 |     3 ||    20
       Potion            |     1 |     1 |     2 ||     4
 Stab: Distracted        |       |     1 |       ||     1
       Sleeping          |       |     1 |       ||     1
Armor: Leather armour    |     5 |       |       ||     5
       Ring mail         |    28 |    29 |       ||    57
       Chain mail        |       |     7 |    29 ||    36
Dodge: Dodged            |    63 |    80 |    15 ||   158
Block: Other             |       |       |     4 ||     4

Table legend: (Time is in decaauts)
 A = Elapsed time spent in this place.
 B = Non-inter-level travel time spent in this place.
 C = Inter-level travel time spent in this place.
 D = Time resting spent in this place.
 E = Time spent auto-exploring this place.
 F = Levels seen in this place.
 G = Mean time per level.
                   A        B        C        D        E       F      G
               +--------+--------+--------+--------+--------+-----+--------+
         Total |   6727 |   6101 |    626 |   2251 |   2533 |   8 |  840.9 |
       Dungeon |   5946 |   5342 |    604 |   1711 |   2406 |   6 |  991.0 |
        Temple |    136 |    114 |     22 |      0 |    100 |   1 |  136.0 |
         Sewer |    644 |    644 |      0 |    540 |     27 |   1 |  644.0 |
               +--------+--------+--------+--------+--------+-----+--------+

Top non-repeatable levels by time:
     D:1: 1575 daAuts
     D:4: 1234 daAuts
     D:3: 1201 daAuts
     D:5: 1181 daAuts
     D:2: 689 daAuts
   Sewer: 644 daAuts
  Temple: 136 daAuts
     D:6: 64 daAuts
